 Dungeon Crawl Stone Soup version 0.19.4-12-gccf7e64 (webtiles) character file.

63 Magnus the Slasher (level 4, -5/26 HPs)
             Began as a Tengu Gladiator on Feb 26, 2017.
             Was an Initiate of Ashenzari.
             Slain by Crazy Yiuf
             ... wielding a +4 quarterstaff of chaos
              (8 damage)
             ... on level 2 of the Dungeon.
             The game lasted 00:03:02 (1656 turns).

Magnus the Slasher (Tengu Gladiator)                Turns: 1656, Time: 00:03:03

Health: -5/26      AC:  3    Str: 16    XL:     4   Next: 9%
Magic:  0/5        EV: 13    Int:  8    God:    Ashenzari [......]
Gold:   86         SH:  0    Dex: 15    Spells: 0 memorised, 3 levels left

rFire  . . .     SeeInvis .     a - +0 long sword
rCold  . . .     Gourm    .     b - +0 leather armour
rNeg   . . .     Faith    .     (no shield)
rPois  .         Spirit   .     c - +0 hat
rElec  .         Reflect  .     (no cloak)
rCorr  .         Harm     .     (no gloves)
MR     .....                    (boots unavailable)
Stlth  +.........               (no amulet)
                                (no ring)
                                (no ring)

@: no status effects
A: beak, talons 3, sense surroundings 1
a: Curse Item, Renounce Religion


You were on level 2 of the Dungeon.
You worshipped Ashenzari.
Ashenzari was noncommittal.
You were hungry.

You visited 1 branch of the dungeon, and saw 2 of its levels.

You collected 86 gold pieces.

Inventory:

Hand Weapons
 a - a +0 long sword (weapon)
 p - a cursed -2 rapier
Armour
 b - a +0 leather armour (worn)
 c - a +0 hat (worn)
Scrolls
 e - a scroll of noise {unknown}
 k - 3 scrolls of identify {unknown}
Potions
 j - a potion of berserk rage {unknown}
 m - a potion of resistance {unknown}
 n - a potion of flight {unknown}
 o - a potion of might {unknown}
 q - a potion of mutation {unknown}
Comestibles
 f - a bread ration
 g - a beef jerky
 h - 2 chunks of flesh


   Skills:
 - Level 2.0 Fighting
 + Level 5.3 Long Blades
 - Level 2.0 Throwing
 - Level 3.2 Dodging


You had 3 spell levels left.
You didn't know any spells.

Dungeon Overview and Level Annotations

Branches:
Dungeon (2/15)

Altars:
Ashenzari
Dithmenos
Kikubaaqudgha

Annotations:
D:2 Crazy Yiuf


Innate Abilities, Weirdness & Mutations

You have a beak for a mouth.
You have claws for feet.
You passively map a small area around you.


Message History

Crazy Yiuf is severely wounded.
Crazy Yiuf hits you with a quarterstaff of chaos!
* * * LOW HITPOINT WARNING * * *
You feel your power leaking away.
You barely miss Crazy Yiuf.
Crazy Yiuf is severely wounded.
Crazy Yiuf says, "Crazy?
Crazy!?
PORCUPINE!"
Crazy Yiuf hits you with a quarterstaff of chaos.
* * * LOW HITPOINT WARNING * * *
Crazy Yiuf freezes you.
* * * LOW HITPOINT WARNING * * *
You barely miss Crazy Yiuf.
Crazy Yiuf is severely wounded.
Crazy Yiuf closely misses you.
Unknown command.
You closely miss Crazy Yiuf. Your kick misses Crazy Yiuf.
Crazy Yiuf is severely wounded.
Crazy Yiuf says, "Iron fast pizzabubble!"
Crazy Yiuf hits you with a quarterstaff of chaos!
You die...

# #.# #.##.###.# ####.#
#.##.....# ..##.# #. #.#####
.)(..# #. #.# .(#.## ### ###
###.# #.# .##.# ####.# ....#
#....#### *#### ..###
#...@g#.## ###.))# * ..# ####
#........####)'))(# ..#####..#
#..#......#.)##..)#
.........####..##.#..#.###*####
* ..######.........####### ..#
######...## ..# * .....#* * *
..# , * #>.#.## , , ..# *
#..#.# **, ,,


You could see Crazy Yiuf.

Vanquished Creatures
  2 adders (D:2)
  A leopard gecko (D:1)
  9 bats
  2 giant cockroaches
  4 goblins
  3 hobgoblins
  6 jackals (D:1)
  A quokka (D:2)
  5 frilled lizards
  5 kobolds
  5 rats
43 creatures vanquished.

Notes
Turn   | Place    | Note
-------+----------+-------------------------------------------
     0 | D:1      | Magnus the Tengu Gladiator began the quest for the Orb.
     0 | D:1      | Reached XP level 1. HP: 12/12 MP: 2/2
    63 | D:1      | Reached XP level 2. HP: 3/17 MP: 3/3
   354 | D:1      | Reached skill level 4 in Long Blades
   725 | D:1      | Reached XP level 3. HP: 21/21 MP: 4/4
  1190 | D:2      | Reached skill level 5 in Long Blades
  1461 | D:2      | Found a shattered altar of Ashenzari.
  1465 | D:2      | Became a worshipper of Ashenzari the Shackled
  1467 | D:2      | Found a shadowy altar of Dithmenos.
  1468 | D:2      | Found an ancient bone altar of Kikubaaqudgha.
  1481 | D:2      | Gained mutation: You passively map a small area around you. [potion of beneficial mutation]
  1541 | D:2      | Reached XP level 4. HP: 24/26 MP: 5/5
  1627 | D:2      | Found a runed door.
  1631 | D:2      | Noticed Crazy Yiuf
  1656 | D:2      | Slain by Crazy Yiuf

Skill      XL: |  1  2  3 |
---------------+----------+-----
Long Blades    | 4 5 |  5.3
Fighting       | |  2.0
Throwing       | |  2.0
Dodging        | |  3.2

Action                   |  1- 3 |  4- 6 || total
-------------------------+-------+-------++-------
Melee: Long sword        |    81 |    20 ||   101
       Kick              |    24 |     7 ||    31
       Peck              |    12 |     1 ||    13
Throw: Throwing net      |       |     3 ||     3
  Use: Potion            |     3 |     1 ||     4
 Stab: Sleeping          |     1 |       ||     1
       Distracted        |       |     1 ||     1
  Eat: Chunk             |     2 |       ||     2
Armor: Leather armour    |    25 |     7 ||    32
Dodge: Dodged            |    82 |    11 ||    93
       Rpst.: Long sword |    30 |     2 ||    32
